Map: [ESL] Dragon Scales

Players

RiSky

  • Race: Zerg Zerg
  • League: Master
  • Spawn Location: 11:00

DnS - Winner!

  • Race: Protoss Protoss
  • Spawn Location: 5:00

Event: HomeStory Cup XXIII

VOD

Have the link to the VOD?

Description

Time

  • Played on: July 1, 2023, 9:15 a.m.
  • Length: 10:01

All games in this series

Show
View Real Time Build Order
Export as new Build Order

RiSky Zerg 

Build Orders: Hatch First 

Get SALT Encoding   

  12  0:00  Drone  
  13  0:12  Overlord  
  13  0:16  Drone  
  14  0:30  Drone x2  
  16  0:42  Drone  
  17  0:51  Hatchery  
  17  0:55  Drone  
  17  0:59  Drone  
  18  1:09  Extractor  
  17  1:14  Spawning Pool  
  17  1:16  Drone  
  17  1:19  Drone  
  18  1:28  Drone  
  19  1:38  Drone  
  20  1:51  Overlord  
  21  2:01  Zergling x2  
  21  2:02  Queen x2  
  21  2:03  Zergling x2  
  26  2:12  Drone  
  26  2:14  Drone  
  28  2:15  Metabolic Boost  
  28  2:22  Drone  
  29  2:24  Drone  
  30  2:33  Drone  
  31  2:42  Hatchery  
  31  2:43  Zergling x2  
  31  2:48  Overlord  
  31  2:52  Drone  
  31  2:57  Drone  
  31  2:58  Drone  
  34  3:07  Drone  
  34  3:10  Drone  
  35  3:15  Overlord  
  35  3:17  Zergling x2  
  35  3:19  Drone x2  
  38  3:22  Drone  
  38  3:23  Queen  
  38  3:25  Queen  
  43  3:30  Overlord  
  43  3:35  Drone  
  43  3:41  Drone  
  45  3:43  Drone  
  45  3:44  Drone  
  45  3:45  Drone x2  
  49  3:54  Drone  
  50  3:57  Drone x2  
  50  4:01  Drone  
  53  4:03  Spore Crawler  
  53  4:09  Drone, Spore Crawler  
  50  4:10  Overlord  
  50  4:16  Drone x2, Spore Crawler, Queen  
  53  4:19  Drone  
  53  4:22  Drone  
  55  4:26  Spore Crawler  
  55  4:30  Drone  
  51  4:32  Drone x3  
  51  4:34  Drone  
  51  4:36  Drone  
  57  4:41  Drone x2  
  59  4:45  Drone x2  
  59  4:46  Overlord  
  59  4:47  Zergling x8  
  59  4:51  Queen  
  65  4:54  Zergling x4  
  65  4:57  Zergling x2  
  68  5:01  Zergling x4  
  68  5:05  Overlord  
  68  5:07  Overlord  
  70  5:09  Lair  
  70  5:10  Drone  
  70  5:11  Drone  
  72  5:15  Drone  
  72  5:20  Drone x3  
  76  5:22  Drone x2  
  76  5:24  Drone  
  79  5:29  Drone, Overlord  
  79  5:33  Drone  
  81  5:40  Spore Crawler  
  81  5:41  Drone x7  
  85  5:45  Drone  
  85  5:46  Drone  
  85  5:47  Overlord, Drone  
  88  5:53  Drone  
  88  5:55  Extractor, Drone  
  88  5:56  Extractor  
  87  5:57  Drone  
  88  6:06  Drone x4  
  88  6:08  Hatchery  
  88  6:09  Overlord  
  91  6:14  Extractor  
  91  6:16  Zergling x2, Hydralisk Den  
  91  6:17  Infestation Pit  
  89  6:19  Roach Warren  
  89  6:20  Zergling x2  
  89  6:21  Queen x2, Zergling x2  
  94  6:27  Zergling x12  
  94  6:29  Zergling x4  
  102  6:36  Extractor  
  102  6:37  Extractor, Zergling x2  
  102  6:38  Zergling x6  
  104  6:43  Evolution Chamber  
  104  6:44  Zergling x6  
  105  6:51  Zergling x4  
  106  6:54  Zergling x8  
  106  6:58  Hive  
  106  7:01  Hydralisk x3  
  111  7:11  Zergling x12  
  111  7:14  Zergling x2  
  109  7:20  Zergling x4  
  104  7:24  Zergling x12  
  104  7:27  Drone x2  
  104  7:29  Queen  
  114  7:30  Drone x2  
  114  7:31  Zerg Missile Weapons Level 1, Drone, Glial Reconstitution  
  114  7:35  Roach x3  
  123  7:38  Drone, Lurker Den  
  123  7:40  Overseer  
  123  7:42  Roach x2  
  127  7:45  Extractor x2  
  127  7:47  Overlord  
  127  7:49  Overlord  
  123  7:57  Zergling x12  
  124  8:03  Zergling x6  
  124  8:04  Zergling x2  
  127  8:07  Hydralisk x3  
  133  8:15  Drone x2  
  133  8:19  Overlord  
  135  8:21  Overlord x2  
  135  8:22  Overlord  
  135  8:29  Overlord  
  135  8:31  Overlord  
  135  8:33  Overlord  
  128  8:35  Overlord  
  128  8:38  Zergling x12  
  123  8:50  Zergling x14  
  123  8:51  Seismic Spines  
  117  9:00  Zergling x12  
  121  9:10  Zergling x8  
  121  9:15  Zergling x2  
  126  9:19  Hydralisk x6  
  138  9:29  Zergling x10  
  137  9:34  Roach x2  
  133  9:41  Roach x4  
Show
View Real Time Build Order
Export as new Build Order

DnS Protoss - Winner!

Build Orders: 1 Gate Expand, Oracle Opening 

Get SALT Encoding   

  12  0:00  Probe  
  13  0:12  Probe  
  14  0:20  Pylon  
  14  0:24  Probe  
  15  0:38  Probe (Chrono Boost)  
  15  0:42  Gateway  
  16  0:48  Probe (Chrono Boost)  
  17  0:50  Assimilator  
  17  0:53  Probe (Chrono Boost)  
  18  1:05  Probe  
  19  1:17  Probe  
  20  1:26  Nexus  
  20  1:36  Cybernetics Core  
  20  1:40  Probe  
  20  1:45  Assimilator  
  21  1:52  Probe  
  22  1:55  Pylon  
  22  2:04  Probe (Chrono Boost)  
  23  2:10  Adept (Chrono Boost)  
  26  2:16  Probe (Chrono Boost)  
  26  2:18  Stargate  
  26  2:23  Probe (Chrono Boost)  
  26  2:25  Warp Gate  
  27  2:30  Probe  
  27  2:34  Adept (Chrono Boost)  
  30  2:41  Probe  
  30  2:42  Probe  
  32  2:53  Probe  
  32  2:54  Probe  
  32  2:57  Adept  
  34  3:05  Probe, Oracle (Chrono Boost)  
  37  3:07  Probe  
  41  3:16  Pylon  
  41  3:18  Probe  
  42  3:22  Probe  
  42  3:26  Gateway  
  43  3:30  Probe  
  44  3:34  Oracle (Chrono Boost)  
  44  3:37  Probe  
  48  3:42  Probe  
  49  3:54  Nexus  
  49  3:55  Probe  
  50  3:58  Probe  
  50  4:00  Pylon  
  51  4:06  Assimilator  
  51  4:11  Probe, Assimilator  
  51  4:16  Probe  
  53  4:18  Oracle  
  53  4:20  Pylon  
  53  4:23  Probe  
  53  4:24  Adept  
  59  4:30  Adept  
  58  4:31  Probe  
  58  4:34  Twilight Council  
  58  4:35  Probe  
  60  4:42  Forge  
  60  4:43  Probe  
  61  4:50  Probe  
  62  4:53  Gateway  
  62  4:54  Gateway  
  62  4:58  Probe (Chrono Boost)  
  63  5:02  Protoss Ground Weapons Level 1 (Chrono Boost)  
  63  5:03  Probe (Chrono Boost)  
  63  5:06  Probe (Chrono Boost), Blink (Chrono Boost)  
  65  5:10  Probe (Chrono Boost)  
  67  5:14  Probe (Chrono Boost)  
  67  5:16  Probe (Chrono Boost)  
  67  5:18  Probe (Chrono Boost)  
  67  5:19  Probe (Chrono Boost)  
  70  5:21  Probe (Chrono Boost)  
  70  5:22  Stalker  
  70  5:23  Stalker  
  70  5:24  Probe  
  76  5:29  Probe  
  76  5:34  Probe  
  78  5:36  Probe  
  79  5:45  Gateway  
  79  5:47  Gateway  
  79  5:48  Pylon  
  76  5:50  Probe x2  
  76  5:51  Stalker x2  
  76  5:54  Stalker  
  76  5:55  Probe  
  85  5:59  Pylon  
  85  6:06  Probe x2, Oracle  
  85  6:08  Forge  
  85  6:10  Pylon  
  90  6:11  Probe  
  90  6:13  Shield Battery  
  90  6:17  Stalker x2  
  95  6:26  Probe x2  
  95  6:27  Probe  
  95  6:29  Nexus  
  95  6:32  Pylon  
  98  6:44  Protoss Ground Armor Level 1 (Chrono Boost)  
  98  6:49  Stalker x3  
  98  6:50  Stalker x3  
  98  6:52  Probe x2  
  98  6:53  Probe  
  109  6:56  Protoss Ground Weapons Level 2 (Chrono Boost)  
  109  6:59  Charge  
  109  7:04  Photon Cannon  
  109  7:14  Stalker x4  
  115  7:21  Probe x3  
  110  7:24  Robotics Facility  
  110  7:26  Stalker  
  110  7:27  Stalker  
  112  7:32  Gateway  
  112  7:34  Gateway  
  112  7:38  Stalker x2  
  112  7:40  Probe  
  112  7:41  Probe, Stalker  
  112  7:42  Stalker  
  120  8:00  Stalker x2  
  120  8:01  Stalker x2  
  122  8:10  Probe x2, Gateway  
  122  8:11  Warp Prism (Chrono Boost), Gateway  
  124  8:13  Shield Battery  
  124  8:14  Pylon, Robotics Bay  
  126  8:23  Photon Cannon  
  126  8:25  Zealot x3  
  130  8:34  Zealot x4  
  130  8:35  Zealot  
  130  8:40  Photon Cannon  
  136  8:43  Shield Battery  
  130  8:56  Stalker x5  
  130  8:58  Assimilator  
  130  8:59  Assimilator  
  130  9:00  Pylon x2  
  130  9:01  Pylon  
  130  9:02  Pylon  
  140  9:05  Disruptor (Chrono Boost)  
  139  9:28  Zealot  
  139  9:29  Zealot x9  
  153  9:33  Probe x3  
  153  9:36  Nexus  
Tags
 
Add a new tag
Caveats
  • Supply blocks, unpowered buildings, or Contaminate may cause inaccurate times.
  • Supply counts are checked every 10 seconds.